 Dungeon Crawl Stone Soup version 0.32-a0-814-g0968bab981 (webtiles) character file.

Game seed: 14495808103544053887

145 gimp the Conjurer (level 5, -4/35 HPs)
             Began as a Barachi Earth Elementalist on Mar 23, 2024.
             Slain by an orc
             ... wielding a +0 trident
              (5 damage)
             ... on level 3 of the Dungeon.
             The game lasted 00:02:58 (2276 turns).

gimp the Conjurer (Barachi Earth Elementalist)      Turns: 2276, Time: 00:02:59

Health: -4/35      AC:  3    Str:  9    XL:     5   Next: 27%
Magic:  0/9        EV: 11    Int: 18    God:
Gold:   88         SH:  0    Dex: 12    Spells: 9/10 levels left

rFire   . . .        (no weapon)
rCold   . . .        (no shield)
rNeg    . . .        a - +0 robe
rPois   .            (no helmet)
rElec   .            (no cloak)
rCorr   .            f - +0 pair of gloves
SInv    .            (no boots)
Will    .....        (no amulet)
Stlth   ++           (no ring)
HPRegen 0.25/turn    (no ring)
MPRegen 0.11/turn

%: no passive effects
@: slow
A: amphibious, slowness 1, strong legs 1, +LOS
a: Hop


You were on level 3 of the Dungeon.
You visited 1 branch of the dungeon, and saw 3 of its levels.

You collected 88 gold pieces.

Inventory:

Armour
 a - a +0 robe (worn)
 f - a +0 pair of gloves (worn)
Scrolls
 d - 2 scrolls of fear {unknown}
 e - a scroll of enchant armour {unknown}
 g - a scroll of vulnerability {unknown}
 i - a scroll of teleportation {unknown}
 j - a scroll of poison {unknown}
 k - a scroll of fog {unknown}
Potions
 b - a potion of magic
 c - a potion of cancellation {unknown}
 h - a potion of mutation {unknown}


   Skills:
 - Level 2.1 Dodging
 - Level 1.7 Stealth
 + Level 3.2 Spellcasting
 * Level 3.9 Conjurations
 + Level 3.8 Earth Magic


You had 9 spell levels left.
You knew the following spells:

 Your Spells              Type           Power      Damage    Failure   Level
a - Sandblast             Erth           32%        2d9       3%          1

Your spell library contained the following spells:

 Spells                   Type           Power      Damage    Failure   Level
 Passwall                 Erth           16%        N/A       10%         3
 Stone Arrow              Conj/Erth      32%        3d9       10%         3
 Brom's Barrelling Bould  Conj/Erth      16%        2d4       32%         4
 Petrify                  Alch/Erth      9%         N/A       58%         4


Dungeon Overview and Level Annotations

Branches:
Dungeon (3/15)

Altars:

Shops:
D:1 =


Innate Abilities, Weirdness & Mutations

You are amphibious.
You cover ground slowly.
You can hop short distances.
You have an extended range of vision and can be seen from far away.


Message History

Press: ? - help, Shift-Dir - straight line, f/p - orc wizard
Aim: an orc wizard, wielding a +0 dagger and wearing a +0 robe (heavily wounded, 77% to hit)
The blast of sand misses the orc wizard.
The orc wizard closely misses you. The orc barely misses you.
The orc wizard casts a spell at you. You resist with some effort.
The orc barely misses you.
You now have 6/9 mp.
Casting: Sandblast (safe; 3% risk of failure)
Confirm with . or Enter, or press ? or * to list all spells.
Aiming: Sandblast (safe; 3% risk of failure)
Press: ? - help, Shift-Dir - straight line, f/p - orc wizard
Aim: an orc wizard, wielding a +0 dagger and wearing a +0 robe (heavily wounded, 77% to hit)
You miscast Sandblast.
You are very lightly contaminated with residual magic.
Nothing appears to happen.
The orc hits you with a +0 hand axe.
The orc wizard points at you and mumbles some strange words.
The puff of flame misses you. The orc misses you.
You take 3 damage, and have 32/35 hp.
You now have 5/9 mp.
The orc attacks as it pursues you! The orc closely misses you.
Your magical contamination has completely faded away.
Casting: Sandblast (safe; 3% risk of failure)
Confirm with . or Enter, or press ? or * to list all spells.
Aiming: Sandblast (safe; 3% risk of failure)
Press: ? - help, Shift-Dir - straight line, f/p - orc wizard
Aim: an orc wizard, wielding a +0 dagger and wearing a +0 robe (heavily wounded, 77% to hit)
The blast of sand hits the orc but does no damage.
The orc barely misses you.
You now have 5/9 mp.
Casting: Sandblast (safe; 3% risk of failure)
Confirm with . or Enter, or press ? or * to list all spells.
Aiming: Sandblast (safe; 3% risk of failure)
Press: ? - help, Shift-Dir - straight line, f/p - orc wizard
Aim: an orc wizard, wielding a +0 dagger and wearing a +0 robe (heavily wounded, 77% to hit)
The blast of sand hits the orc but does no damage.
The orc wizard gestures wildly while chanting.
The orc wizard flickers and vanishes!
Deactivating autopickup; reactivate with Ctrl-A.
The orc hits you with a +0 hand axe. The orc barely misses you.
You take 2 damage, and have 32/35 hp.
You now have 4/9 mp.
Casting: Sandblast (safe; 3% risk of failure)
Confirm with . or Enter, or press ? or * to list all spells.
Aiming: Sandblast (safe; 3% risk of failure)
Press: ? - help, Shift-Dir - straight line, f - orc
Aim: an orc, wielding a +0 hand axe and wearing a +0 scale mail (84% to hit)
The blast of sand hits the orc but does no damage.
The orc barely misses you.
You now have 3/9 mp.
Casting: Sandblast (safe; 3% risk of failure)
Confirm with . or Enter, or press ? or * to list all spells.
Aiming: Sandblast (safe; 3% risk of failure)
Press: ? - help, Shift-Dir - straight line, f/p - orc
Aim: an orc, wielding a +0 hand axe and wearing a +0 scale mail (84% to hit)
The blast of sand hits the orc but does no damage.
The orc hits you with a +0 hand axe.
The orc hits you from afar with a +0 trident.
The orc hits you with a +0 hand axe.
You take 12 damage, and have 20/35 hp.
MASSIVE DAMAGE!!
You now have 2/9 mp.
Casting: Sandblast (safe; 3% risk of failure)
Confirm with . or Enter, or press ? or * to list all spells.
Aiming: Sandblast (safe; 3% risk of failure)
Press: ? - help, Shift-Dir - straight line, f/p - orc
Aim: an orc, wielding a +0 hand axe and wearing a +0 scale mail (84% to hit)
The blast of sand hits the orc.
The orc is lightly wounded.
The orc barely misses you. The orc hits you with a +0 hand axe.
You take 2 damage, and have 18/35 hp.
Casting: Sandblast (safe; 3% risk of failure)
Confirm with . or Enter, or press ? or * to list all spells.
Aiming: Sandblast (safe; 3% risk of failure)
Press: ? - help, Shift-Dir - straight line, f/p - orc
Aim: an orc, wielding a +0 hand axe and wearing a +0 scale mail (lightly wounded, 84% to hit)
The blast of sand hits the orc but does no damage.
The orc is lightly wounded.
The orc closely misses you. The orc hits you with a +0 hand axe.
The orc closely misses you. The orc hits you with a +0 hand axe.
* * * LOW HITPOINT WARNING * * *
You take 8 damage, and have 10/35 hp.
MASSIVE DAMAGE!!
You now have 1/9 mp.
Casting: Sandblast (safe; 3% risk of failure)
Confirm with . or Enter, or press ? or * to list all spells.
Aiming: Sandblast (safe; 3% risk of failure)
Press: ? - help, Shift-Dir - straight line, f/p - orc
Aim: an orc, wielding a +0 hand axe and wearing a +0 scale mail (lightly wounded, 84% to hit)
The blast of sand hits the orc but does no damage.
The orc is lightly wounded.
The orc hits you from afar with a +0 trident.
* * * LOW HITPOINT WARNING * * *
The orc hits you with a +0 hand axe.
* * * LOW HITPOINT WARNING * * *
You take 9 damage, and have 1/35 hp.
MASSIVE DAMAGE!!
You now have 0/9 mp.
Casting: Sandblast (safe; 3% risk of failure)
Confirm with . or Enter, or press ? or * to list all spells.
You don't have enough magic to cast this spell.
Casting: Sandblast (safe; 3% risk of failure)
Confirm with . or Enter, or press ? or * to list all spells.
You don't have enough magic to cast this spell.
Unknown command.
You closely miss the orc.
The orc is lightly wounded.
The orc hits you from afar with a +0 trident.
You die...

########### ......
#.........# ......
#........[# .......
#####.........#
.......##
#.............###
.........
#.......o..?.... #
#..<
#........K.......+
####
..###....######....#
.. ..>........o@..#+#
## ...#######o###.#.#
. #......#.####
#.#.........##
#.#.#........## ####
#.#.#.#.......## #.(.
#.#.........#..###.#.
#.#...########...#.#.
#.#...###....###.#.##


You could see 2 orcs.

Vanquished Creatures
  Jessica (D:2)
  Natasha (D:2)
  A gnoll (D:1)
  3 adders
  2 dart slugs
  A ribbon worm (D:2)
  An orc (D:2)
  7 ball pythons
  6 endoplasms
  3 giant cockroaches
  3 goblins
  3 hobgoblins (D:1)
  4 jackals
  A quokka (D:1)
  4 bats
  2 frilled lizards
  4 kobolds
  5 rats
52 creatures vanquished.

Notes
Turn   | Place    | Note
-------+----------+-------------------------------------------
     0 | D:1      | gimp the Barachi Earth Elementalist began the quest for the
                  | Orb.
     0 | D:1      | Reached XP level 1. HP: 13/13 MP: 3/3
   228 | D:1      | Reached XP level 2. HP: 19/19 MP: 0/5
   488 | D:1      | Reached XP level 3. HP: 21/24 MP: 1/6
   598 | D:1      | Found a faded altar of an unknown god.
   761 | D:1      | Found Qoutu's Jewellery Emporium.
  1461 | D:2      | Reached XP level 4. HP: 30/30 MP: 4/8
  1513 | D:2      | Noticed Natasha
  1575 | D:2      | Noticed Jessica
  1580 | D:2      | Killed Jessica
  1587 | D:2      | Killed Natasha
  1588 | D:2      | Reached XP level 5. HP: 20/35 MP: 5/9
  2275 | D:3      | HP: 1/35 [orc/+0 hand axe (5)]
  2276 | D:3      | Slain by an orc

Illustrated notes

Levels and vault maps discovered:
D:1:      doesnt_arrival_eight_statues, layout_basic, serial_shops,
          nicolae_shop_gaudy_bauble, shapermc_ecumenical_altar_flowoftime
D:2:      layout_basic, amethyst_killhole, uniq_jessica, uniq_natasha
D:3:      mumra_celtic_spiral_tile, layout_basic, corexii_corridor_pit

Skill      XL: |  1  2  3  4 |
---------------+-------------+-----
Conjurations   | 2 3 |  3.9
Spellcasting   | 3 |  3.2
Dodging        | |  2.1
Stealth        | |  1.7
Earth Magic    | |  3.8

Action                     |  1- 3 |  4- 6 || total
---------------------------+-------+-------++-------
  Melee: Unarmed           |     7 |     2 ||     9
         Punch             |     1 |       ||     1
   Cast: Sandblast         |    52 |    35 ||    87
 Armour: Robe              |    15 |    14 ||    29
  Dodge: Dodged            |    19 |    13 ||    32

Table legend: (Time is in decaauts)
 A = Elapsed time spent in this place.
 B = Non-inter-level travel time spent in this place.
 C = Inter-level travel time spent in this place.
 D = Time resting spent in this place.
 E = Time spent auto-exploring this place.
 F = Levels seen in this place.
 G = Mean time per level.
                   A        B        C        D        E       F      G
               +--------+--------+--------+--------+--------+-----+--------+
         Total |   2599 |   2560 |     39 |      0 |   2172 |   3 |  866.3 |
       Dungeon |   2599 |   2560 |     39 |      0 |   2172 |   3 |  866.3 |
               +--------+--------+--------+--------+--------+-----+--------+

Top non-repeatable levels by time:
     D:1: 1384 daAuts
     D:2: 877 daAuts
     D:3: 337 daAuts
